General information
- name: BNet
- type: Ladder team game (AT/RT)
- host: Battle.net
- saver: IGGY.
map: DragonFalls
- players: 8
- length: 24:01
- speed: Fast
- version: 1.26 W3XP
- replay type: Public
» download(129 KB)
Players
team 1 (winner)

»
iggy- (
red | 54 APM | 1301 actions | 24:01)
10 Priestess of the Moon
3 Trueshot Aura
3 Searing Arrows
1 Starfall
3 Scout
» actions
| Assign group hotkey | 70 | |
| Basic commands | 57 | |
| Build / train | 79 | |
| Enter build submenu | 18 | |
| Enter hero's abilities submenu | 10 | |
| Remove unit from queue | 1 | |
| Right click | 641 | |
| Select / deselect | 262 | |
| Select group hotkey | 119 | |
| Use ability | 44 | |
1301 total
» units
» upgrades
| Ultravision | 1 | |
| Strength of the Moon | 3 | |
| Moon Armor | 3 | |
| Sentinel | 1 | |
| Upgrade Moon Glaive | 1 | |
| Improved Bows | 1 | |
| Marksmanship | 1 | |
11 total
» buildings
| Altar of Elders | 1 | |
| Moon Well | 8 | |
| Hunter's Hall | 1 | |
| Ancient of War | 4 | |
| Tree of Ages | 1 | |
| Tree of Eternity | 1 | |
| Tree of Life | 3 | |
| Ancient of Wonders | 1 | |
20 total
» build order
00:09 Altar of Elders
00:14 Moon Well
01:43 Hunter's Hall
01:47 Ancient of War
02:03 Ancient of War
02:15 Moon Well
02:31 Moon Well
05:22 Moon Well
07:13 Tree of Ages
09:40 Tree of Eternity
11:25 Tree of Life
13:59 Moon Well
14:03 Moon Well
14:06 Moon Well
14:25 Ancient of War
14:27 Ancient of War
15:34 Moon Well
18:18 Ancient of Wonders
20:13 Tree of Life
20:43 Tree of Life
» items
| Scroll of Healing | 2 | |
| Scroll of Regeneration | 1 | |
| Potion of Healing | 1 | |
| Scroll of Town Portal | 2 | |
| Anti-magic Potion | 1 | |
7 total
KnocKKnoch (
teal | 49 APM | 1166 actions | 23:56)
3 Blood Mage
2 Flame Strike
1 Siphon Mana
» actions
| Assign group hotkey | 67 | |
| Basic commands | 83 | |
| Build / train | 53 | |
| Enter build submenu | 33 | |
| Enter hero's abilities submenu | 3 | |
| Give item / drop item | 7 | |
| Remove unit from queue | 1 | |
| Right click | 509 | |
| Select / deselect | 257 | |
| Select group hotkey | 84 | |
| Use ability | 69 | |
1166 total
» units
» upgrades
| Lumber Harvesting | 1 | |
| Masonry | 2 | |
| Magic Sentry | 1 | |
| Swords | 1 | |
| Armor | 1 | |
| Animal War Training | 1 | |
| Storm Hammers | 1 | |
8 total
» buildings
| Altar of Kings | 1 | |
| Barracks | 1 | |
| Farm | 15 | |
| Scout Tower | 6 | |
| Arcane Vault | 1 | |
| Arcane Tower | 1 | |
| Town Hall | 1 | |
| Keep | 1 | |
| Lumber Mill | 2 | |
| Guard Tower | 2 | |
| Arcane Sanctum | 1 | |
| Gryphon Aviary | 6 | |
| Blacksmith | 2 | |
| Castle | 1 | |
41 total
» build order
00:41 Altar of Kings
00:42 Barracks
00:51 Farm
01:05 Farm
01:12 Farm
02:02 Farm
02:40 Scout Tower
03:50 Arcane Vault
03:52 Arcane Tower
03:59 Town Hall
04:10 Arcane Tower
05:15 Keep
06:04 Lumber Mill
06:09 Lumber Mill
06:23 Scout Tower
06:24 Scout Tower
06:24 Scout Tower
06:28 Scout Tower
06:28 Scout Tower
07:08 Guard Tower
07:35 Guard Tower
07:43 Arcane Sanctum
18:36 Gryphon Aviary
18:37 Gryphon Aviary
18:37 Gryphon Aviary
18:38 Gryphon Aviary
18:38 Gryphon Aviary
18:39 Gryphon Aviary
18:52 Farm
18:52 Farm
18:53 Farm
18:53 Farm
18:54 Farm
18:54 Farm
18:55 Farm
18:55 Farm
18:57 Farm
18:57 Farm
18:58 Farm
19:07 Blacksmith
19:08 Blacksmith
20:34 Castle
» items
| Scroll of Regeneration | 3 | |
| Boots of Speed | 1 | |
| Staff of Teleportation | 1 | |
| Periapt of Vitality | 1 | |
| Potion of Invisibility | 1 | |
| Potion of Healing | 2 | |
| Potion of Mana | 3 | |
| Lesser Clarity Potion | 1 | |
| Scroll of Town Portal | 1 | |
14 total
bbxdd (
pink | 38 APM | 922 actions | 24:01)
1 Archmage
1 Summon Water Elemental
» actions
| Assign group hotkey | 32 | |
| Basic commands | 24 | |
| Build / train | 71 | |
| Enter build submenu | 20 | |
| Enter hero's abilities submenu | 1 | |
| Remove unit from queue | 3 | |
| Right click | 288 | |
| Select / deselect | 290 | |
| Select group hotkey | 149 | |
| Use ability | 42 | |
922 total
» units
» upgrades
| Masonry | 1 | |
| Lumber Harvesting | 1 | |
| Gunpowder | 1 | |
| Fragmentation Shards | 1 | |
| Flying Machine Bombs | 1 | |
5 total
» buildings
| Altar of Kings | 1 | |
| Farm | 7 | |
| Scout Tower | 1 | |
| Lumber Mill | 1 | |
| Arcane Tower | 1 | |
| Keep | 2 | |
| Blacksmith | 1 | |
| Castle | 2 | |
| Workshop | 3 | |
| Gryphon Aviary | 4 | |
23 total
» build order
00:14 Altar of Kings
00:16 Farm
00:21 Farm
00:35 Scout Tower
00:47 Farm
01:37 Lumber Mill
01:45 Arcane Tower
02:30 Keep
02:30 Keep
03:51 Blacksmith
03:58 Farm
04:00 Farm
06:39 Castle
06:46 Workshop
06:47 Workshop
06:50 Workshop
07:08 Farm
07:09 Farm
11:55 Gryphon Aviary
11:57 Gryphon Aviary
14:19 Gryphon Aviary
14:24 Gryphon Aviary
» items
lolx2 (
purple | 61 APM | 1227 actions | 20:12)
5 Death Knight
3 Death Coil
2 Unholy Aura
» actions
| Assign group hotkey | 23 | |
| Basic commands | 60 | |
| Build / train | 61 | |
| ESC pressed | 4 | |
| Enter build submenu | 20 | |
| Enter hero's abilities submenu | 5 | |
| Give item / drop item | 6 | |
| Remove unit from queue | 1 | |
| Right click | 343 | |
| Select / deselect | 233 | |
| Select group hotkey | 418 | |
| Use ability | 53 | |
1227 total
» units
| Acolyte | 15 | |
| Ghoul | 7 | |
| Crypt Fiend | 7 | |
| Necromancer | 2 | |
| Abomination | 2 | |
| Obsidian Statue | 2 | |
35 total
» upgrades
| Creature Carapace | 3 | |
| Web | 1 | |
| Necromancer Training | 1 | |
| Skeletal Longevity | 1 | |
| Disease Cloud | 1 | |
| Destroyer Form | 1 | |
| Creature Attack | 1 | |
| Unholy Armor | 1 | |
| Skeletal Mastery | 1 | |
| Unholy Strength | 1 | |
12 total
» buildings
| Altar of Darkness | 1 | |
| Ziggurat | 7 | |
| Crypt | 2 | |
| Graveyard | 1 | |
| Tomb of Relics | 1 | |
| Halls of the Dead | 1 | |
| Temple of the Damned | 2 | |
| Black Citadel | 1 | |
| Slaughterhouse | 2 | |
| Spirit Tower | 2 | |
20 total
» build order
00:10 Altar of Darkness
00:12 Ziggurat
00:34 Crypt
01:00 Graveyard
01:21 Crypt
01:40 Ziggurat
02:30 Tomb of Relics
04:21 Halls of the Dead
05:16 Ziggurat
06:21 Ziggurat
09:37 Temple of the Damned
09:40 Temple of the Damned
09:43 Black Citadel
09:55 Slaughterhouse
11:57 Ziggurat
12:37 Slaughterhouse
13:56 Spirit Tower
13:59 Ziggurat
15:11 Ziggurat
16:02 Spirit Tower
» items
| Rod of Necromancy | 1 | |
| Scroll of Town Portal | 1 | |
| Potion of Lesser Invulnerability | 1 | |
3 total
team 2 (loser)
2fast4u (
yellow | 50 APM | 437 actions | 08:47)
1 Keeper of the Grove
1 Force of Nature
1 Death Knight
1 Death Coil
» actions
| Basic commands | 5 | |
| Build / train | 35 | |
| Enter build submenu | 18 | |
| Enter hero's abilities submenu | 2 | |
| Right click | 191 | |
| Select / deselect | 156 | |
| Use ability | 30 | |
437 total
» units
| Acolyte | 2 | |
| Wisp | 4 | |
| Archer | 11 | |
| Ghoul | 2 | |
| Crypt Fiend | 9 | |
28 total
» upgrades
| Creature Attack | 1 | |
| Creature Carapace | 1 | |
2 total
» buildings
| Graveyard | 1 | |
| Altar of Elders | 1 | |
| Ancient of War | 2 | |
| Moon Well | 3 | |
| Crypt | 2 | |
| Altar of Darkness | 1 | |
| Ziggurat | 5 | |
| Tree of Ages | 1 | |
16 total
» build order
00:13 Graveyard
00:29 Altar of Elders
00:35 Ancient of War
00:45 Moon Well
00:51 Crypt
00:55 Altar of Darkness
01:03 Ziggurat
01:47 Crypt
02:14 Ziggurat
02:30 Moon Well
03:21 Ziggurat
03:38 Ancient of War
04:08 Moon Well
06:38 Ziggurat
06:59 Tree of Ages
07:11 Ziggurat
IGGY. (
blue | 89 APM | 2148 actions | 24:01)
5 Mountain King
3 Storm Bolt
2 Bash
1 Death Knight
1 Unholy Aura
2 Lich
1 Frost Nova
1 Dark Ritual
» actions
| Assign group hotkey | 34 | |
| Basic commands | 4 | |
| Build / train | 86 | |
| Enter build submenu | 16 | |
| Enter hero's abilities submenu | 9 | |
| Give item / drop item | 3 | |
| Right click | 899 | |
| Select / deselect | 311 | |
| Select group hotkey | 731 | |
| Use ability | 55 | |
2148 total
» units
| Peasant | 19 | |
| Footman | 4 | |
| Crypt Fiend | 9 | |
| Acolyte | 1 | |
| Ghoul | 1 | |
| Gryphon Rider | 9 | |
43 total
» upgrades
| Masonry | 3 | |
| Lumber Harvesting | 2 | |
| Swords | 2 | |
| Armor | 2 | |
| Web | 1 | |
| Burrow | 1 | |
| Animal War Training | 1 | |
| Storm Hammers | 1 | |
13 total
» buildings
| Altar of Kings | 1 | |
| Farm | 8 | |
| Barracks | 1 | |
| Scout Tower | 1 | |
| Lumber Mill | 1 | |
| Arcane Tower | 1 | |
| Town Hall | 2 | |
| Arcane Vault | 1 | |
| Keep | 2 | |
| Blacksmith | 1 | |
| Castle | 1 | |
| Gryphon Aviary | 3 | |
| Halls of the Dead | 5 | |
| Ziggurat | 2 | |
| Spirit Tower | 1 | |
| Tree of Eternity | 2 | |
| Ancient of Wind | 1 | |
34 total
» build order
00:18 Altar of Kings
00:39 Farm
01:21 Barracks
01:36 Scout Tower
01:50 Farm
02:03 Lumber Mill
02:05 Arcane Tower
02:31 Farm
04:49 Town Hall
05:10 Arcane Vault
05:43 Keep
05:43 Keep
05:54 Farm
06:29 Blacksmith
06:59 Farm
07:00 Farm
07:01 Farm
07:02 Farm
08:44 Town Hall
09:04 Castle
09:16 Gryphon Aviary
09:17 Gryphon Aviary
09:17 Gryphon Aviary
09:31 Halls of the Dead
09:31 Halls of the Dead
09:32 Halls of the Dead
09:32 Halls of the Dead
10:26 Ziggurat
10:26 Ziggurat
11:45 Spirit Tower
13:40 Tree of Eternity
13:44 Ancient of Wind
» items
| Scroll of Regeneration | 2 | |
| Scroll of Healing | 1 | |
| Potion of Lesser Invulnerability | 1 | |
4 total

»
DarkCloud (
orange | 36 APM | 321 actions | 08:55)
1 Lich
1 Frost Nova
» actions
| Basic commands | 2 | |
| Build / train | 35 | |
| Enter build submenu | 7 | |
| Enter hero's abilities submenu | 1 | |
| Remove unit from queue | 1 | |
| Right click | 146 | |
| Select / deselect | 119 | |
| Use ability | 10 | |
321 total
» units
» upgrades
| Unholy Strength | 1 | |
| Unholy Armor | 1 | |
2 total
» buildings
| Altar of Darkness | 1 | |
| Ziggurat | 3 | |
| Crypt | 1 | |
| Nerubian Tower | 1 | |
| Graveyard | 1 | |
7 total
» build order
00:55 Altar of Darkness
00:58 Ziggurat
01:08 Crypt
03:03 Nerubian Tower
05:09 Ziggurat
05:13 Graveyard
06:29 Ziggurat
Chat log
(00:05 / Allies) DarkCloud: WTF
(00:08 / Allies) IGGY.: stay
(00:15 / All) iggy-: nice name
(00:16 / Allies) DarkCloud: dont want too ...
(01:00 / Allies) 2fast4u: rush then?
(01:04 / Allies) DarkCloud: i just played a 3vs4 -_-
(01:09 / Allies) 2fast4u: me too omg
(01:15 / Allies) DarkCloud: and i lost
(01:16 / Allies) DarkCloud: :P
(01:28 / All) 2fast4u: fuck you human lvl 1 other team just leave other game free win man ill hate leeaver
(01:50 / All) KnocKKnoch: Knock knock
(02:01 / All) 2fast4u: assholre leave
(02:03 / All) 2fast4u: man 3v3
(02:05 / All) KnocKKnoch: Gestapo
(02:07 / All) 2fast4u: omgg u a asshole
(02:17 / All) DarkCloud: you spelt your name wrong its KnocKKnoch
(02:18 / All) DarkCloud: srry
(02:36 / Allies) IGGY.: wood
(03:06 / Allies) 2fast4u: rdy?
(03:11 / 5) IGGY.: i know iggy
(03:14 / 5) IGGY.: known him a long time
(03:17 / 5) IGGY.: he use dto post on dratstabs forums
(03:22 / 5) IGGY.: hes at a pro levle used to be
(03:25 / 5) IGGY.: top american player
(05:03 / All) 2fast4u: ehy?
(05:27 / Allies) DarkCloud: blue help me
(05:56 / All) KnocKKnoch: that's right you better run
(06:01 / Allies) DarkCloud: honestly
(06:02 / Allies) DarkCloud: blue
(06:04 / All) IGGY.: orange do u want me to help?
(06:04 / Allies) DarkCloud: u just sit there
(06:07 / Allies) DarkCloud: lmao
(06:10 / Allies) DarkCloud: it would be nice
(07:11 / Allies) DarkCloud: blue
(07:16 / Allies) DarkCloud: you pushing with us ?
(07:23 / Allies) IGGY.: yea coming
(08:12 / All) KnocKKnoch: lawl oops
(09:55 / All) KnocKKnoch: Knock kock
(10:07 / All) KnocKKnoch: Knock knock
(10:29 / All) KnocKKnoch: you didn't ask who's there
(10:33 / All) IGGY.: who's there
(11:37 / All) IGGY.: pink and purple, you 2 are intimidated by me
(11:39 / All) IGGY.: arent' you
(11:47 / All) KnocKKnoch: Knock knock
(12:39 / All) KnocKKnoch: knock knock...
(12:46 / All) IGGY.: say who's there pink
(14:21 / All) KnocKKnoch: KNOCK KNOCK
(14:39 / All) KnocKKnoch: You're supposed to ask who's there
(14:52 / All) KnocKKnoch: Gestapo
(15:02 / All) KnocKKnoch: now say, "gestapo who?
(16:02 / All) IGGY.: bad boy purple
(16:41 / All) KnocKKnoch: Pink doesn't have a sense of humor
(17:47 / All) IGGY.: time to die purple
(19:42 / All) lolx2: fuck u teal!
(19:48 / All) KnocKKnoch: what did I do
(20:03 / All) KnocKKnoch: Don't harsh my chill bro
(20:06 / All) lolx2: bitch
(20:53 / All) IGGY.: has he said anythign
(20:54 / All) KnocKKnoch: he is retarded
(20:59 / All) KnocKKnoch: yeah
(21:06 / All) KnocKKnoch: he's pretty funny
(21:12 / All) KnocKKnoch: he can't speak English very well
(21:18 / All) KnocKKnoch: never heard a knock knock joke
(22:33 / All) KnocKKnoch: You sure suck JAke
(22:41 / All) IGGY.: i got ambushed
(23:15 / All) KnocKKnoch: Pink doesn't have anything
(23:18 / All) KnocKKnoch: and hasn't spoken
(23:21 / All) KnocKKnoch: in 10 minutes
(23:35 / All) IGGY.: why is it when we want people to leave they stay and when we try to make standoffs they leave
(23:41 / All) KnocKKnoch: he's jsut 34-39 anyway
(23:48 / All) IGGY.: we gonna play on west ?
(23:50 / All) KnocKKnoch: It is a mystery
(23:52 / All) KnocKKnoch: yeh
(23:58 / All) IGGY.: let me get one more crack at
(23:59 / All) IGGY.: nvm